 Dungeon Crawl Stone Soup version 0.21.1-1-g345015f (webtiles) character file.

4340 Toebaco the Destroyer (level 10, -1/91 HPs)
             Began as a Black Draconian Conjurer on Feb 17, 2018.
             Slain by a two-headed ogre
             ... wielding a +0 giant club
              (13 damage)
             ... on level 9 of the Dungeon on Feb 18, 2018.
             The game lasted 00:42:03 (13156 turns).

Toebaco the Destroyer (Black Draconian Conjurer)   Turns: 13156, Time: 00:42:03

Health: -1/91      AC:  9    Str: 11    XL:     10   Next: 12%
Magic:  6/13       EV: 16    Int: 19    God:
Gold:   491        SH:  0    Dex: 15    Spells: 7/13 levels left

rFire    . . .     SeeInvis .   y - +7 Spriggan's Knife {MR+ EV+4 Dex+4 Stlth+}
rCold    . . .     Gourm    .   (no shield)
rNeg     . . .     Faith    .   (armour unavailable)
rPois    .         Spirit   .   (helmet restricted)
rElec    +         Reflect  .   U - +0 cloak
rCorr    .         Harm     .   J - +0 pair of gloves
MR       +....                  (no boots)
Stlth    +++.......             o - amulet of magic regeneration
HPRegen  0.25/turn              (no ring)
MPRegen  0.38/turn              (no ring)

@: no status effects
A: breathe lightning, unfitting armour, electricity resistance, cold-blooded, AC
+7
a: Breathe Lightning


You were on level 9 of the Dungeon.
You were not hungry.

You visited 2 branches of the dungeon, and saw 10 of its levels.

You collected 491 gold pieces.

Inventory:

Hand Weapons
 b - a +0 hand axe of electrocution
 y - the +7 Spriggan's Knife (weapon) {MR+ EV+4 Dex+4 Stlth+}
   (You found it on level 4 of the Dungeon)

   It affects your evasion (+4).
   It affects your dexterity (+4).
   It affects your resistance to hostile enchantments.
   It makes you more stealthy.
Missiles
 m - 207 stones (quivered)
 t - 2 poisoned tomahawks
 u - 21 tomahawks
 v - 8 javelins
 x - 24 sling bullets
 E - 48 poisoned needles
Armour
 J - a +0 pair of gloves (worn)
 U - a +0 cloak (worn)
Magical Staves
 a - an uncursed staff of conjuration
 K - an uncursed staff of fire {unknown}
 Y - an uncursed staff of summoning {unknown}
Jewellery
 o - an amulet of magic regeneration (around neck)
 B - an uncursed ring of wizardry {unknown}
 P - a +3 ring of protection {unknown}
 W - an uncursed ring of fire {unknown}
Wands
 e - a wand of acid (10)
 D - a wand of polymorph (11)
Scrolls
 c - 2 scrolls of fear
 k - 3 scrolls of immolation {unknown}
 n - 3 scrolls of enchant armour {unknown}
 p - 2 scrolls of teleportation
 q - 3 scrolls of remove curse {unknown}
 r - 8 scrolls of identify
 s - 2 scrolls of amnesia {unknown}
 z - a scroll of blinking {unknown}
 C - a scroll of magic mapping {unknown}
 L - 3 scrolls of enchant weapon {unknown}
 Q - 2 scrolls of noise {unknown}
 R - 2 scrolls of fog {unknown}
 T - a scroll of random uselessness {unknown}
Potions
 d - a potion of might {unknown}
 g - 2 potions of lignification {unknown}
 h - 2 potions of mutation {unknown}
 i - a potion of invisibility {unknown}
 j - 6 potions of curing {unknown}
 l - 2 potions of haste {unknown}
 F - a potion of brilliance {unknown}
 G - a potion of degeneration {unknown}
 H - a potion of heal wounds {unknown}
 I - 2 potions of agility {unknown}
 N - 2 potions of resistance {unknown}
 S - 2 potions of flight {unknown}
Books
 w - a book of Cantrips

   Spells                             Type                      Level
   a - Confusing Touch                Hexes                        1
   b - Animate Skeleton               Necromancy                   1
   c - Summon Small Mammal            Summoning                    1
   d - Apportation                    Translocation                1
 A - a book of Conjurations

   Spells                             Type                      Level
   a - Magic Dart                     Conjuration                  1
   b - Searing Ray                    Conjuration                  2
   c - Dazzling Spray                 Conjuration/Hexes            3
   d - Fulminant Prism                Conjuration/Hexes            4
   e - Force Lance                    Conjuration/Translocation    4
   f - Iskenderun's Mystic Blast      Conjuration                  4
 V - a book of Necromancy

   Spells                             Type                      Level
   a - Pain                           Necromancy                   1
   b - Animate Skeleton               Necromancy                   1
   c - Vampiric Draining              Necromancy                   3
   d - Regeneration                   Charms/Necromancy            3
   e - Animate Dead                   Necromancy                   4
   f - Borgnjor's Vile Clutch         Necromancy/Earth             5
 X - a book of Changes

   Spells                             Type                      Level
   a - Beastly Appendage              Transmutation                1
   b - Sticks to Snakes               Transmutation                2
   c - Spider Form                    Transmutation/Poison         3
   d - Ice Form                       Ice/Transmutation            4
   e - Blade Hands                    Transmutation                5
Comestibles
 f - 16 rations
 Z - 10 chunks of flesh


   Skills:
 + Level 9.2 Fighting
 - Level 1.7 Dodging
 - Level 1.7 Stealth
 - Level 2.0 Spellcasting
 * Level 12.4 Conjurations


You had 7 spell levels left.
You knew the following spells:

 Your Spells              Type           Power        Failure   Level  Hunger
a - Magic Dart            Conj           ####         1%          1    #......
b - Searing Ray           Conj           #####.       1%          2    ###....
c - Dazzling Spray        Conj/Hex       ####..       4%          3    ###....


Dungeon Overview and Level Annotations

Branches:
Dungeon (9/15)             Temple (1/1) D:4
   Lair: D:8-11         Orc: D:9-12

Altars:
Ashenzari
Cheibriados
Dithmenos
Elyvilon
Fedhas
Gozag
Hepliaklqana
Kikubaaqudgha
Makhleb
Nemelex Xobeh
Okawaru
Qazlal
Ru
Sif Muna
Trog
Uskayaw
Wu Jian
Xom
Zin
The Shining One

Annotations:
D:3 Umoon's ghost, amateur DrSk


Innate Abilities, Weirdness & Mutations

You can breathe wild blasts of lightning.
Your glossy black scales are hard. (AC +7)
You cannot fit into any form of body armour.
You are resistant to electric shocks. (rElec)
You are cold-blooded and may be slowed by cold attacks.


Message History

Unknown command.
Unknown command.
The searing ray hits the two-headed ogre.
The two-headed ogre barely misses you.
The two-headed ogre hits you with a dire flail!
* * * LOW HITPOINT WARNING * * *
Unknown command.
Unknown command.
Unknown command.
Aim: an orc priest, wielding a flail The spray of energy misses the two-headed ogre.
The spray of energy misses the orc priest.
Unknown command.
Unknown command.
Aim: an orc priest, wielding a flail The spray of energy hits the two-headed ogre.
The two-headed ogre hits you with a giant club!!
* * * LOW HITPOINT WARNING * * *
The two-headed ogre hits you with a dire flail!
You die...

. #.# #.#.......#
#
#.####.#.##.##.#.#
#....#.#.#...#.#.
#.##......._......
#)####.#.#...#.#.#
#.# #.#.##.##.#
#o# #.#.......#
#O# #.####.####.#
#@# #...........#
#.# ######.######
#.# #..# #.##.#
#.####..# #....#
.. #..%)...#
####.# ...
#...)..†######.###
#..#
#..###............
#..# #..#
#..#####...). #..#
#..# #..# #...##


You could see a two-headed ogre and an orc priest.

Vanquished Creatures
  The ghost of Woodford the Covered, an amateur GnWn (D:5)
  A hippogriff (D:8)
  A wyvern (D:9)
  A water moccasin (D:8)
  2 sky beasts
  2 orc warriors
  A necrophage (D:7)
  3 ice beasts
  2 phantoms
  5 ogres
  A centaur (D:6)
  A big kobold (D:9)
  5 bullfrogs
  A wyvern skeleton (D:6)
  2 scorpions
  2 howler monkeys (D:9)
  4 wights (D:8)
  4 crimson imps
  A centaur zombie (D:5)
  A bullfrog zombie (D:5)
  2 jellies
  2 orc priests
  3 hounds (D:8)
  12 orc wizards
  2 centaur skeletons
  2 bullfrog skeletons
  An iguana (D:5)
  7 worker ants
  A hound skeleton (D:4)
  8 gnolls
  14 adders
  5 river rats (D:5)
  6 shadow imps
  An ooze (D:3)
  2 adder zombies
  2 adder skeletons
  A worm (D:3)
  A dart slug (D:1)
  6 leopard geckos
  39 orcs
  4 giant cockroaches
  8 goblins
  8 hobgoblins
  5 jackals
  9 quokkas
  A ball python (D:1)
  8 bats
  8 frilled lizards
  A giant cockroach zombie (D:5)
  A jackal zombie (D:6)
  14 kobolds
  A leopard gecko skeleton (D:7)
  A quokka skeleton (D:9)
  24 rats
251 creatures vanquished.

Notes
Turn   | Place    | Note
-------+----------+-------------------------------------------
     0 | D:1      | Toebaco the Draconian Conjurer began the quest for the Orb.
     0 | D:1      | Reached XP level 1. HP: 14/14 MP: 3/3
   270 | D:1      | Reached XP level 2. HP: 20/22 MP: 1/5
   358 | D:1      | Reached skill level 1 in Fighting
   844 | D:1      | Reached XP level 3. HP: 28/28 MP: 3/6
  1130 | D:1      | Learned a level 2 spell: Searing Ray
  1134 | D:1      | Learned a level 3 spell: Dazzling Spray
  1459 | D:2      | Found a shattered altar of Ashenzari.
  1464 | D:2      | Reached skill level 5 in Conjurations
  1587 | D:2      | Found a bloodstained altar of Trog.
  1603 | D:2      | Reached skill level 2 in Fighting
  1732 | D:2      | Reached XP level 4. HP: 34/36 MP: 5/7
  2623 | D:2      | HP: 18/37 [hobgoblin/club (4)]
  2815 | D:3      | Reached XP level 5. HP: 42/42 MP: 2/8
  2925 | D:3      | Identified a book of Cantrips
  2946 | D:3      | Reached skill level 3 in Fighting
  3053 | D:3      | Found a shimmering altar of Xom.
  3053 | D:3      | Found a shimmering altar of Xom.
  3053 | D:3      | Found a shimmering altar of Xom.
  3054 | D:3      | Found a shimmering altar of Xom.
  3054 | D:3      | Found a shimmering altar of Xom.
  3093 | D:3      | Found an ornate altar of the Wu Jian Council.
  3110 | D:3      | Reached skill level 6 in Conjurations
  3320 | D:3      | Noticed Umoon's ghost (amateur DrSk)
  3322 | D:3      | Umoon's ghost turns its malevolent gaze towards you.
  3873 | D:3      | Reached XP level 6. HP: 51/51 MP: 9/9
  4194 | D:4      | Found the +7 Spriggan's Knife {MR+ EV+4 Dex+4 Stlth+}
  4218 | D:4      | Found a glowing golden altar of the Shining One.
  4380 | D:4      | Noticed a sky beast
  4395 | D:4      | Killed a sky beast
  4395 | D:4      | Reached skill level 4 in Fighting
  4395 | D:4      | Reached skill level 7 in Conjurations
  4567 | D:4      | Your scales start taking on a glossy black colour.
  4567 | D:4      | Reached XP level 7. HP: 60/60 MP: 1/10
  4567 | D:4      | Gained mutation: You are resistant to electric shocks. (rElec) [Black Draconian growth]
  5065 | D:4      | Found a staircase to the Ecumenical Temple.
  5114 | Temple   | Entered the Ecumenical Temple
  5371 | D:5      | Entered Level 5 of the Dungeon
  5419 | D:5      | Reached skill level 5 in Fighting
  5419 | D:5      | Reached skill level 8 in Conjurations
  5578 | D:5      | HP: 29/61 [iguana (3)]
  5943 | D:5      | Reached XP level 8. HP: 51/69 MP: 11/11
  6384 | D:5      | Reached skill level 9 in Conjurations
  6453 | D:5      | Reached skill level 6 in Fighting
  6572 | D:5      | Noticed Woodford's ghost (amateur GnWn)
  6591 | D:5      | HP: 35/70 [poisoned by Woodford's ghost]
  6596 | D:5      | HP: 21/70 [poisoned by Woodford's ghost]
  6601 | D:5      | HP: 13/70 [poisoned by Woodford's ghost]
  6606 | D:5      | HP: 9/70 [poisoned by Woodford's ghost]
  6611 | D:5      | HP: 5/70 [poisoned by Woodford's ghost]
  6617 | D:5      | HP: 3/70 [poisoned by Woodford's ghost]
  6625 | D:5      | HP: 2/70 [poisoned by Woodford's ghost]
  6632 | D:4      | HP: 2/70 [poisoned by Woodford's ghost]
  7253 | D:5      | Woodford's ghost turns its malevolent gaze towards you.
  7465 | D:5      | Woodford's ghost turns its malevolent gaze towards you.
  7496 | D:5      | Killed Woodford's ghost
  7830 | D:6      | Got a heavily runed ivory amulet
  7860 | D:6      | Found a white marble altar of Elyvilon.
  7874 | D:6      | Reached skill level 7 in Fighting
  7874 | D:6      | Reached skill level 10 in Conjurations
  8100 | D:6      | HP: 35/73 [poisoned by an orc warrior]
  8105 | D:6      | HP: 19/73 [poisoned by an orc warrior]
  8110 | D:6      | HP: 14/73 [poisoned by an orc warrior]
  8116 | D:6      | HP: 10/73 [poisoned by an orc warrior]
  8122 | D:6      | HP: 7/73 [poisoned by an orc warrior]
  8127 | D:6      | HP: 6/73 [poisoned by an orc warrior]
  8134 | D:6      | HP: 6/73 [poisoned by an orc warrior]
  8142 | D:6      | HP: 6/73 [poisoned by an orc warrior]
  8236 | D:6      | HP: 25/73 [poisoned by an orc warrior]
  8241 | D:6      | HP: 17/73 [poisoned by an orc warrior]
  8247 | D:6      | HP: 16/73 [poisoned by an orc warrior]
  8253 | D:6      | HP: 15/73 [poisoned by an orc warrior]
  8261 | D:6      | HP: 15/73 [poisoned by an orc warrior]
  8577 | D:6      | Reached XP level 9. HP: 43/79 MP: 8/12
  9124 | D:6      | Found a shimmering altar of Xom.
  9705 | D:7      | HP: 35/79 [ogre/giant club (22)]
 10633 | D:7      | Identified a book of Necromancy
 10687 | D:7      | Reached skill level 11 in Conjurations
 10896 | D:8      | Reached skill level 8 in Fighting
 10978 | D:7      | HP: 37/81 [something (11)]
 10982 | D:7      | Identified the amulet of Tiucy {Harm *Drain Int-2 Dex+3 Slay+2 SInv} (You found it on level 6 of the Dungeon)
 10984 | D:7      | HP: 36/81 [something (2)]
 11256 | D:8      | Found a bloodstained altar of Trog.
 11574 | D:8      | Identified a book of Changes
 12464 | D:9      | Reached skill level 12 in Conjurations
 12630 | D:9      | Reached skill level 9 in Fighting
 12712 | D:9      | Found a sacrificial altar of Ru.
 12759 | D:9      | Reached XP level 10. HP: 78/91 MP: 10/13
 12866 | D:9      | Found a sparkling altar of Nemelex Xobeh.
 13135 | D:9      | Noticed a two-headed ogre
 13151 | D:9      | HP: 41/91 [two-headed ogre/giant club (13)]
 13156 | D:9      | HP: 12/91 [two-headed ogre/giant club (30)]
 13156 | D:9      | Slain by a two-headed ogre

Skill      XL: |  1  2  3  4  5  6  7  8  9 |
---------------+----------------------------+-----
Fighting       | 1 2 3 4 5 7 9 |  9.2
Conjurations   | 5 6 7 8 10 12 | 12.4
Dodging        | |  1.7
Stealth        | |  1.7
Spellcasting   | |  2.0

Action                   |  1- 3 |  4- 6 |  7- 9 | 10-12 || total
-------------------------+-------+-------+-------+-------++-------
Melee: Dagger            |    13 |       |       |       ||    13
       Hand axe          |     2 |   110 |       |       ||   112
       Tailslap          |       |    11 |    45 |     1 ||    57
       Knife             |       |     8 |   344 |     6 ||   358
 Fire: Hunting sling     |    34 |       |       |       ||    34
 Cast: Magic Dart        |    75 |    69 |   162 |    37 ||   343
       Dazzling Spray    |     1 |     1 |    17 |     3 ||    22
       Searing Ray       |       |     5 |    21 |     3 ||    29
 Abil: Breathe Lightning |       |       |     7 |       ||     7
  Use: Scroll            |       |     1 |     4 |       ||     5
 Stab: Sleeping          |     1 |     3 |     6 |       ||    10
       Invisible         |       |       |     2 |       ||     2
  Eat: Chunk             |     3 |    11 |    26 |     2 ||    42
       Ration            |       |       |     2 |       ||     2
Armor: Skin              |    13 |    42 |    76 |     2 ||   133
Dodge: Dodged            |    28 |    86 |   285 |    10 ||   409
